Unix NetHack Version 5.0.0-0 post-release - last build Jul 19 2026 19:10:59 (3aa4ab31751d3886436d94b585a96704892fd477,branch:main).

Game began 2026-07-30 08:02:31, ended 2026-07-30 09:09:30.

Fendoran, lawful female dwarven Valkyrie

               --
              --.-        ---                           -------   ----
            ---...        |.               ---          |.....-----..----  ---
          ---.....%       |.              --.---        |...............---..|
           ........       |.-         -----....|        --.......--......|...|
             ......-      |.|       ---........---       ---.....|--.......---
               ..G..-     |.|     ---............--        ---..-- --......|
                 ....-----|.|   ---.......---.....|          --.|   ---.|.--
                 -...G....|.--  |.........|--.....|           |.---   --|.|
                 |...........-  |. --....---......---     -----...--    |.|
                 |.........G..  ------..`-|.......^.---  --.|......---  |.---
                 |...........    |........|.|...---...|  |...........---|...|
                 ##.G.....).--  --.--....--.-----|....-- |-............-|...|
                  |..........----..|---.|..      |.....|--..............|-..|
                  |.......)......>--  ---.-      --....|...............-- ---
                  |......G..-------               ----.................|----
                  #........##                        |.................--.<--
                  |.(......#                         ----`..................|
                  ##o[..#.###                           ---...|.............|
                    #d######*$                            |..---.--.|.----[--
                    ` #  **##                             ---- --------  ---
Fendoran the Fighter        St:18/01 Dx:14 Co:20 In:7 Wi:8 Ch:10  Lawful
Dlvl:6  $:113 HP:0(74) Pw:10(10) AC:2  Xp:6 T:4195 

Latest messages:
 The hill orc misses Boby.
 $ - 46 gold pieces (95 in total).
 u - a key.
 The hill orc swings his scimitar.
 The hill orc hits!
 The hill orc hits!
 Boby bites the hill orc.
 The hill orc misses Boby.
 You hit the hill orc!
 The hill orc picks up a scimitar.
 The hill orc wields a scimitar!
 The hill orc hits!
 Boby bites the hill orc.
 The hill orc wields a scimitar!
 What do you want to wear? [kvT or ?*] k
 Suddenly you cannot see yourself.
 You are now wearing a cloak of invisibility.
 The hill orc swings his scimitar.
 The hill orc misses!
 The hill orc swings his scimitar.
 The hill orc misses!
 The hill orc hits!
 Boby bites the hill orc.
 The hill orc is killed!
 The hill orc picks up an orcish helm.
 Boby bites the hill orc.
 The hill orc swings his scimitar at Boby.
 The hill orc misses Boby.
 Boby bites the hill orc.
 The hill orc is killed!
 There are several objects here.
 The hill orc hits!
 Boby eats a hill orc corpse.
 $ - 18 gold pieces (113 in total).
 The hill orc hits!
 The hill orc strikes at thin air!
 The hill orc hits!
 You hit the hill orc!
 The hill orc swings his scimitar.
 The hill orc hits!
 The hill orc hits!
 You kill the hill orc!
 The hill orc swings his scimitar.
 The hill orc hits!
 You die...
 Do you want your possessions identified? [ynq] (y) y
 Do you want to see your attributes? [ynq] (y) y
 Do you want an account of creatures vanquished? [ynaq] (y) y
 Do you want to see your conduct and achievements? [ynq] (y) y
 Do you want to see the dungeon overview? [ynq] (y) y

Inventory:
 Coins    ('$')
  $ - 113 gold pieces
 Weapons  (')')
  o - 2 +0 boomerangs (at the ready)
  O - 11 +0 darts
  b - 6 +0 daggers (alternate weapons; not wielded)
  a - a rusty +1 dwarvish spear (weapon in right hand)
  h - a cursed +0 knife
  W - a +0 spear
  K - a +0 scimitar
 Armor    ('[')
  v - an uncursed +0 dunce cap
  c - an uncursed +3 small shield (being worn)
  k - an uncursed +0 cloak of invisibility (being worn)
  T - an uncursed +0 dwarvish cloak
  l - an uncursed +0 studded leather armor (being worn)
 Comestibles  ('%')
  n - an uncursed food ration
  Q - an uncursed partly eaten food ration
  g - 3 uncursed lichen corpses
 Scrolls  ('?')
  I - an uncursed scroll of blank paper
  J - a cursed scroll of blank paper
  C - an uncursed scroll of enchant weapon
 Spellbooks  ('+')
  H - an uncursed spellbook of confuse monster
  j - an uncursed spellbook of finger of death
 Potions  ('!')
  p - an uncursed potion of hallucination
  y - 2 uncursed potions of object detection
  q - an uncursed potion of polymorph
 Rings    ('=')
  m - an uncursed ring of searching
  s - a cursed ring of teleportation
 Wands    ('/')
  X - a wand of create monster (0:13)
  i - a wand of secret door detection (0:12)
  e - a wand of undead turning (0:6)
 Tools    ('(')
  L - a bag of tricks (0:7)
  Y - a magic harp (0:5)
  x - an uncursed leash (attached to Boby)
  w - an uncursed magic whistle
  F - an uncursed magic whistle
  t - an uncursed mirror
  U - a +0 pick-axe
  u - an uncursed skeleton key
  V - an uncursed skeleton key
  P - 2 cursed tallow candles
 Gems/Stones  ('*')
  z - 2 uncursed worthless pieces of black glass
  f - 5 uncursed worthless pieces of green glass
  G - a cursed worthless piece of green glass
  r - an uncursed worthless piece of red glass
  D - 3 uncursed worthless pieces of violet glass
  d - an uncursed worthless piece of white glass
  E - 2 uncursed worthless pieces of yellow glass
  B - an uncursed worthless piece of yellowish brown glass

Fendoran the Valkyrie's attributes:

Background:
 You were a Fighter, a level 6 dwarven Valkyrie.
 You were lawful, on a mission for Tyr
 who was opposed by Odin (neutral) and Loki (chaotic).
 You were right-handed.
 You were in the Gnomish Mines, on level 6.
 You entered the dungeon 4195 turns ago.
 There was a full moon in effect when your adventure ended.
 You had 372 experience points, 268 more were needed to attain level 7.

Basics:
 You had 0 out of 74 hit points.
 You had all 10 energy points (spell power).
 Your armor class was 2.
 Your wallet contained 113 zorkmids.
 Autopickup was off.

Final Characteristics:
 Your strength was 18/01 (limit:18/100).
 Your dexterity was 14 (limit:20).
 Your constitution was 20 (limit:20).
 Your intelligence was 7 (limit:16).
 Your wisdom was 8 (limit:16).
 Your charisma was 10 (limit:16).

Final Status:
 You weren't hungry.
 You were unencumbered.
 You were wielding a spear.
 You had basic skill with spear and could have enhanced that.

Final Attributes:
 You were piously aligned.
 You were cold resistant.
 You had infravision.
 You were invisible.
 You were stealthy.
 You were warded.
 You were lucky.
 You are dead.

Miscellaneous:
 You didn't encounter any bones levels.
 Total elapsed playing time was 1 hour, 6 minutes and 56 seconds.

Major events:
 Turn
    1: Fendoran the lawful dwarven Valkyrie entered the dungeon
  831: attained the rank of Skirmisher (level 3)
 2815: entered the Gnomish Mines
 4064: attained the rank of Fighter (level 6)
 4195: killed by a hill orc

You didn't know any spells.

Skills:
 Fighting Skills
   bare handed combat [Unskilled]
   two weapon combat  [Unskilled]
   riding             [Unskilled]
 Weapon Skills
   dagger             [Basic]
   axe                [Unskilled]
   pick-axe           [Unskilled]
   short sword        [Unskilled]
   broadsword         [Unskilled]
   long sword         [Unskilled]
   two-handed sword   [Unskilled]
   saber              [Unskilled]
   hammer             [Unskilled]
   quarterstaff       [Unskilled]
   polearms           [Unskilled]
   spear              [Basic]
   trident            [Unskilled]
   lance              [Unskilled]
   sling              [Unskilled]
 Spellcasting Skills
   attack spells      [Unskilled]
   escape spells      [Unskilled]

Voluntary challenges:
 Character rerolling was not enabled.
 You followed a strict vegan diet.
 You never genocided any monsters.
 You never polymorphed an object.
 You never changed form.
 You used no wishes.
Achievements:
 You attained the rank of Skirmisher.
 You entered a shop.
 You entered the Gnomish Mines.
 You attained the rank of Fighter.

 The Dungeons of Doom: levels 1 to 3
    Level 1:
       A fountain.
    Level 2:
       An altar, a fountain, a grave.
    Level 3:
       A tool shop, many trees.
       Stairs down to The Gnomish Mines.
 The Gnomish Mines: levels 4 to 6
    Level 4:
    Level 5:
    Level 6: <- You were here.
       Final resting place for
          you, killed by a hill orc.


Vanquished creatures:
  3 wood nymphs
  a mountain nymph
 an orc shaman
  a fog cloud
  a shrieker
  a kobold mummy
  a paper golem
  a giant ant
  2 floating eyes
  a dwarf
  3 homunculi
  a kobold shaman
 15 hill orcs
  5 rothes
  a giant bat
 an orc zombie
  a wererat
  3 iguanas
  a hobbit
  2 manes
  2 large kobolds
  a hobgoblin
  4 giant rats
  a brown mold
  3 yellow molds
  a red mold
 15 gnomes
  a gnome zombie
  9 geckos
  5 jackals
  a fox
  a kobold
  a goblin
  2 sewer rats
  4 grid bugs
  a bat
  7 lichens
  2 kobold zombies
  8 newts
115 creatures vanquished.

No species were genocided or became extinct.

Game over:
                       ----------
                      /          \
                     /    REST    \
                    /      IN      \
                   /     PEACE      \
                  /                  \
                  |     Fendoran     |
                  |      113 Au      |
                  | killed by a hill |
                  |       orc        |
                  |                  |
                  |                  |
                  |       2026       |
                 *|     *  *  *      | *
        _________)/\\_//(\/(/\)/\//\/|_)_______

Farvel Fendoran the Valkyrie...

You died in The Gnomish Mines on dungeon level 6 with 1860 points,
and 113 pieces of gold, after 4195 moves.
You were level 6 with a maximum of 74 hit points when you died.

